 Dungeon Crawl Stone Soup version 0.31-a0-1183-gd88bbb8b4d (webtiles) character file.

Game seed: 17833017474314594743

391 qw the Shooter (level 6, -1/38 HPs)
             Began as a Gargoyle Hunter on Dec 11, 2023.
             Was an Initiate of Okawaru.
             Slain by an iron imp (7 damage)
             ... summoned by Eustachio
             ... on level 4 of the Dungeon.
             The game lasted 00:01:41 (2737 turns).

qw the Shooter (Gargoyle Hunter)                    Turns: 2737, Time: 00:01:42

Health: -1/38      AC: 11    Str: 14 (15) XL:     6   Next: 80%
Magic:  6/6        EV: 10    Int:  7 (9)  God:    Okawaru [......]
Gold:   164        SH:  0    Dex:  8 (15) Spells: 5/5 levels left

rFire   . . .        a - +0 shortbow
rCold   . . .        (shield currently unavailable)
rNeg    + . .        b - +2 ring mail {Will+}
rPois   inf          (no helmet)
rElec   +            (no cloak)
rCorr   .            (no gloves)
SInv    +            (no boots)
Will    +....        (no amulet)
Stlth   +            c - ring of see invisible
HPRegen 0.26/turn    (no ring)
MPRegen 0.10/turn

%: no passive effects
@: no status effects
A: sickness immunity, AC +4, negative energy resistance 1, electricity
resistance, torment resistance 1, petrification resistance
a: Renounce Religion


You were on level 4 of the Dungeon.
You worshipped Okawaru.
Okawaru was noncommittal.
You visited 2 branches of the dungeon, and saw 5 of its levels.

You collected 164 gold pieces.


Innate Abilities, Weirdness & Mutations

You are immune to sickness and miasma.
Your stone body is resilient. (AC +4)
You are immune to poison.
You resist negative energy. (rN+)
You are resistant to electric shocks. (rElec)
You are resistant to unholy torment.
You are immune to petrification.


   Skills:
 - Level 4.0 Fighting
 + Level 7.1 Ranged Weapons
 - Level 1.0 Armour
 - Level 1.5 Dodging
 - Level 1.1 Stealth


You had 5 spell levels left.
You didn't know any spells.
Your spell library was empty.

Inventory:

Hand Weapons
 a - a +0 shortbow (weapon)
Armour
 b - a +2 ring mail of willpower (worn)
Jewellery
 c - a ring of see invisible (left hand)
Wands
 h - a wand of roots (5)
Potions
 e - a potion of attraction {unknown}
 f - a potion of ambrosia {unknown}

Dungeon Overview and Level Annotations

Branches:
Dungeon (4/15)             Temple (1/1) D:4

Altars:
Cheibriados
Fedhas
Gozag
Hepliaklqana
Nemelex Xobeh
Okawaru
Qazlal
Ru
Sif Muna
Trog
Wu Jian
Xom
Zin
The Shining One

Annotations:
D:4 Eustachio, Natasha


Message History

The bat barely misses you.
Eustachio gestures wildly while chanting.
You shoot an arrow. The arrow misses Eustachio.
The arrow barely misses the white imp.
The crimson imp disappears in a puff of smoke!
The quasit disappears in a puff of smoke!
Eustachio hits you but does no damage. The bat hits you but does no damage.
You shoot an arrow. The arrow barely misses Eustachio.
The arrow hits the white imp.
The white imp is severely wounded.
The bat hits you but does no damage. Eustachio hits you with a +0 falchion.
Eustachio yells, "Perjured traitor, DIE!"
Eustachio closely misses you.
You shoot an arrow.
The arrow hits Eustachio but does no damage.
Eustachio is moderately wounded.
The bat hits you but does no damage. Eustachio barely misses you.
You shoot an arrow. The arrow hits Eustachio.
Eustachio is moderately wounded.
The bat closely misses you. Eustachio hits you with a +0 falchion.
You shoot an arrow.
The arrow hits Eustachio but does no damage.
Eustachio is moderately wounded.
The bat hits you but does no damage. Eustachio closely misses you.
You shoot an arrow. The arrow barely misses Eustachio.
The arrow closely misses the iron imp.
The bat closely misses you.
Eustachio mumbles some strange words.
Eustachio blinks!
You shoot an arrow.
The arrow hits the iron imp but does no damage.
The bat misses you. The bat hits you but does no damage.
The crimson imp blinks!
Eustachio mumbles some strange words.
The iron imp hits you but does no damage.
You shoot an arrow. The arrow barely misses the iron imp.
The arrow barely misses the white imp.
The bat closely misses you. The bat hits you but does no damage.
The iron imp laughs crazily.
The iron imp hits you!
You die...

....#.............#
..................#
.......(.........## .
........#........## ..
...##...#.......@.#..@..
.......#...............
.####..#.<.......#...# .
# #..>.......###...# ..
#..........b@55# ...
#.........####ยค# ...
###......#####.# ..#
#........5...#...##.
......................
........./.........#.#
...................##
...............##...#.#
............#..........


You could see Eustachio, an iron imp (summoned), a white imp (summoned) and a
bat (summoned).

Vanquished Creatures
  Sigmund (D:3)
  A scorpion (D:4)
  A hound (D:3)
  Jessica (D:3)
  5 adders
  2 worms
  2 dart slugs
  4 orcs (D:3)
  8 bats
  An endoplasm (D:3)
  5 giant cockroaches
  6 goblins
  5 hobgoblins
  4 jackals (D:3)
  9 kobolds
  3 quokkas (D:3)
  5 ball pythons
  5 frilled lizards
  7 rats
75 creatures vanquished.

Notes
Turn   | Place    | Note
-------+----------+-------------------------------------------
     0 | D:1      | qw the Gargoyle Hunter began the quest for the Orb.
     0 | D:1      | Reached XP level 1. HP: 12/12 MP: 1/1
     0 | D:1      | 0 ||| qw: Version: 0.3-a-106-g2cfff9e
     0 | D:1      | 0 ||| qw: Game counter: 2117
     0 | D:1      | 0 ||| qw: Melee chars always use a shield: true
     0 | D:1      | 0 ||| qw: God list: Okawaru
     0 | D:1      | 0 ||| qw: Allow faded altars: false
     0 | D:1      | 0 ||| qw: Do Orc after clearing Dungeon:15 true
     0 | D:1      | 0 ||| qw: Do second Lair branch before Depths: true
     0 | D:1      | 0 ||| qw: Lair rune preference: random
     0 | D:1      | 0 ||| qw: Goals: Normal, Save, Zot:1-4, Win
     0 | D:1      | 0 ||| PLANNING D:1-11
   112 | D:1      | Reached XP level 2. HP: 17/17 MP: 2/2
   409 | D:1      | 409 ||| DROPPING +3 sling.
   566 | D:1      | Reached XP level 3. HP: 20/21 MP: 3/3
   654 | D:1      | 654 ||| UPGRADING to +0 ring mail.
   664 | D:1      | 664 ||| DROPPING +0 leather armour.
   665 | D:1      | 665 ||| DROPPING scroll of butterflies.
   980 | D:2      | Reached skill level 1 in Armour
  1027 | D:2      | Reached skill level 5 in Ranged Weapons
  1273 | D:2      | 1273 ||| UPGRADING to +2 ring mail of willpower.
  1283 | D:2      | 1283 ||| DROPPING +0 ring mail.
  1284 | D:2      | 1284 ||| UPGRADING to ring of see invisible.
  1285 | D:2      | 1285 ||| READING scroll labelled ISASECKEPS.
  1386 | D:2      | 1386 ||| READING scroll labelled DYNACA QAISCH.
  1534 | D:3      | Reached skill level 3 in Fighting
  1534 | D:3      | Reached XP level 4. HP: 28/28 MP: 4/4
  1656 | D:3      | Noticed Sigmund
  1670 | D:3      | Killed Sigmund
  1671 | D:3      | Reached skill level 6 in Ranged Weapons
  1671 | D:3      | Reached XP level 5. HP: 13/32 MP: 5/5
  1671 | D:3      | Reached XP level 6. HP: 15/37 MP: 6/6
  1909 | D:3      | Noticed Jessica
  1912 | D:3      | Killed Jessica
  2030 | D:3      | Found a sparkling altar of Nemelex Xobeh.
  2183 | D:3      | 2183 ||| DRINKING 2 bubbling red potions.
  2184 | D:3      | 2184 ||| DROPPING potion of degeneration.
  2206 | D:4      | 2206 ||| STAIRDANCE
  2258 | D:4      | Noticed Natasha
  2258 | D:4      | Noticed Eustachio
  2268 | D:4      | HP: 8/38 [cerulean imp/+0 spear[Natasha] (2)]
  2269 | D:4      | 2269 ||| READING 2 scrolls of teleportation.
  2269 | D:4      | HP: 3/38 [Eustachio/+0 falchion (5)]
  2270 | D:4      | 2270 ||| DRINKING bubbling coppery potion.
  2271 | D:4      | Found a staircase to the Ecumenical Temple.
  2272 | D:4      | 2272 ||| PLANNING TEMPLE
  2329 | Temple   | Entered the Ecumenical Temple
  2330 | Temple   | 2330 ||| PLANNING OKAWARU WORSHIP
  2340 | Temple   | Became a worshipper of Warmaster Okawaru
  2341 | Temple   | 2341 ||| PLANNING D:1-11
  2379 | D:4      | Reached skill level 7 in Ranged Weapons
  2409 | D:4      | 2409 ||| FLEEEEING.
  2426 | D:4      | 2426 ||| Stepping ~*~*~tactically~*~*~ (retreating).
  2437 | D:4      | 2437 ||| Stepping ~*~*~tactically~*~*~ (retreating).
  2438 | D:4      | 2438 ||| Stepping ~*~*~tactically~*~*~ (retreating).
  2439 | D:4      | 2439 ||| RETREEAATING.
  2440 | D:4      | 2440 ||| Stepping ~*~*~tactically~*~*~ (retreating).
  2449 | D:4      | HP: 9/38 [rat[Eustachio] (3)]
  2450 | D:4      | 2450 ||| READING scroll of teleportation.
  2453 | D:4      | HP: 2/38 [river rat[Eustachio] (5)]
  2480 | D:4      | 2480 ||| FLEEEEING.
  2481 | D:4      | 2481 ||| FLEEEEING.
  2485 | D:4      | 2485 ||| FLEEEEING.
  2486 | D:4      | 2486 ||| FLEEEEING.
  2487 | D:4      | 2487 ||| FLEEEEING.
  2488 | D:4      | 2488 ||| FLEEEEING.
  2489 | D:4      | 2489 ||| FLEEEEING.
  2490 | D:4      | 2490 ||| STAIRDANCE
  2605 | D:4      | 2605 ||| Stepping ~*~*~tactically~*~*~ (retreating).
  2606 | D:4      | 2606 ||| Stepping ~*~*~tactically~*~*~ (retreating).
  2609 | D:4      | 2609 ||| Stepping ~*~*~tactically~*~*~ (retreating).
  2610 | D:4      | 2610 ||| RETREEAATING.
  2611 | D:4      | 2611 ||| STILL RETREEAATING.
  2636 | D:4      | HP: 9/38 [iron imp[Eustachio] (8)]
  2646 | D:4      | 2646 ||| FLEEEEING.
  2649 | D:4      | 2649 ||| FLEEEEING.
  2654 | D:4      | 2654 ||| Stepping ~*~*~tactically~*~*~ (retreating).
  2657 | D:4      | 2657 ||| Stepping ~*~*~tactically~*~*~ (retreating).
  2711 | D:4      | HP: 9/38 [shadow imp[Eustachio] (4)]
  2718 | D:4      | HP: 9/38 [kobold/+0 dagger (2)]
  2725 | D:4      | HP: 8/38 [kobold/+0 dagger (2)]
  2731 | D:4      | HP: 8/38 [Eustachio/+0 falchion (1)]
  2737 | D:4      | Slain by an iron imp

Levels and vault maps discovered:
D:1:      enne_arrival_octagon_isle, layout_loops_ring, minmay_heptomino_d4
D:2:      layout_basic
D:3:      layout_loops_ring, nemelex_xobeh_ov_fountains_minmay, st_stairs_4,
          uniq_jessica, uniq_sigmund
D:4:      layout_cave_pools, minmay_temple_entry_overgrown, amethyst_killhole,
          uniq_natasha, uniq_menkaure, uniq_eustachio
Temple:   nicolae_temple_bog_church

Skill      XL: |  1  2  3  4  5  6 |
---------------+-------------------+-----
Armour         | 1 |  1.0
Ranged Weapons | 5 6 7 |  7.1
Fighting       | 3 4 |  4.0
Dodging        | |  1.5
Stealth        | |  1.1

Action                     |  1- 3 |  4- 6 || total
---------------------------+-------+-------++-------
   Fire: Shortbow          |   150 |   320 ||   470
    Use: Scroll            |     2 |     2 ||     4
         Potion            |       |     2 ||     2
 Armour: Leather armour    |    48 |       ||    48
         Ring mail         |    29 |   297 ||   326
  Dodge: Dodged            |    68 |   208 ||   276

Table legend:
 A = Non-vault XP
 B = Vault XP
 C = Vault XP percentage of total XP
 D = Non-vault monster count
 E = Vault monster count
 F = Vault count percentage of total count
                 A         B        C        D         E       F
            +---------+---------+-------+---------+---------+-------
      Total |     299 |     260 |  46.5 |      66 |       9 |  12.0
            +---------+---------+-------+---------+---------+-------
        D:1 |      29 |       5 |  14.7 |      17 |       4 |  19.0
        D:2 |      37 |       0 |   0.0 |      13 |       0 |   0.0
        D:3 |     111 |     255 |  69.7 |      24 |       5 |  17.2
        D:4 |     122 |       0 |   0.0 |      12 |       0 |   0.0
            +---------+---------+-------+---------+---------+-------
